 Dungeon Crawl Stone Soup version 0.30-a0-137-gd8773701ce (webtiles) character file.

Game seed: 6616666330998967248

149 greasedhog the Ruffian (level 5, 0/30 HPs)
             Began as a Gargoyle Transmuter on Sept 23, 2022.
             Slain by an iguana (9 damage)
             ... on level 2 of the Dungeon.
             The game lasted 00:03:45 (2594 turns).

greasedhog the Ruffian (Gargoyle Transmuter)        Turns: 2594, Time: 00:03:45

Health: 0/30       AC:  8    Str: 13    XL:     5   Next: 31%
Magic:  8/9        EV: 11    Int: 16    God:
Gold:   95         SH:  0    Dex: 10    Spells: 4/10 levels left

rFire   . . .      SeeInvis +      - Unarmed
rCold   . . .      Faith    .    (no shield)
rNeg    + . .      Spirit   .    n - +2 animal skin
rPois   ∞          Reflect  .    (helmet currently unavailable)
rElec   +          Harm     .    (no cloak)
rCorr   .          Rampage  .    (no gloves)
Will    .....                    (boots currently unavailable)
Stlth   +.........               (no amulet)
HPRegen 0.10/turn                g - ring of see invisible
MPRegen 0.11/turn                (no ring)

@: appendages
A: horns 2, talons 2, sickness immunity, AC +4, negative energy resistance 1,
electricity resistance, torment resistance 1, petrification resistance
a: End Transformation


You were on level 2 of the Dungeon.
You had temporarily grown beastly horns and talons.
You visited 1 branch of the dungeon, and saw 2 of its levels.

You collected 95 gold pieces.

Inventory:

Armour
 n - a +2 animal skin (worn)
Jewellery
 g - a ring of see invisible (left hand)
Wands
 l - a wand of paralysis (3)
Scrolls
 e - 2 scrolls of blinking
 f - 3 scrolls of teleportation
 i - a scroll of identify {unknown}
 k - a scroll of enchant armour {unknown}
Potions
 a - a potion of attraction {unknown}
 b - a potion of lignification
 c - 3 potions of flight {unknown}
 d - 3 potions of curing {unknown}
 h - a potion of cancellation {unknown}
 j - 2 potions of heal wounds {unknown}
 m - a potion of might {unknown}


   Skills:
 * Level 1.7 Fighting
 - Level 1.5 Dodging
 * Level 4.1 Unarmed Combat
 - Level 3.0 Spellcasting
 * Level 2.8 Transmutations


You had 4 spell levels left.
You knew the following spells:

 Your Spells              Type           Power      Damage    Failure   Level
a - Beastly Appendage     Tmut           22%        N/A       6%          1
b - Wereblood             Tmut           11%        N/A       9%          2
c - Spider Form           Tmut/Pois      6%         N/A       30%         3

Your spell library contained the following spells:

 Spells                   Type           Power      Damage    Failure   Level
 Ice Form                 Ice/Tmut       6%         N/A       71%         4


Dungeon Overview and Level Annotations

Branches:
Dungeon (2/15)

Altars:


Innate Abilities, Weirdness & Mutations

You have temporarily grown beastly horns and talons.
You are immune to sickness and miasma.
Your stone body is resilient. (AC +4)
You are immune to poison.
You resist negative energy. (rN+)
You are resistant to electric shocks. (rElec)
You are resistant to unholy torment.
You are immune to petrification.


Message History

You completely miss the endoplasm.
You headbutt the endoplasm, but do no damage.
The endoplasm jiggles.
The endoplasm hits you but does no damage.
You hit the endoplasm.
The endoplasm is moderately wounded.
The endoplasm freezes you.
You are frozen.
You hit the endoplasm.
You kill the endoplasm!
Your transformation is almost over.
No target in view!
No target in view!
Your horns disappear.
Your talons disappear.
Found a mace.
An iguana comes into view.
The iguana hisses angrily.
An iguana is nearby!
An iguana is nearby!
You grow a pair of large bovine horns.
Your feet morph into talons.
You hit the iguana but do no damage. Your kick misses the iguana.
The iguana bites you!
You punch the iguana! You claw the iguana.
The iguana is heavily wounded.
The iguana bites you!
You barely miss the iguana.
The iguana is heavily wounded.
The iguana misses you.
You hit the iguana but do no damage. Your headbutt misses the iguana.
The iguana is heavily wounded.
The iguana barely misses you.
You barely miss the iguana. You claw the iguana.
The iguana is severely wounded.
The iguana bites you.
* * * LOW HITPOINT WARNING * * *
You closely miss the iguana.
The iguana is severely wounded.
The iguana hisses menacingly.
The iguana bites you!
You die...

.. .. #.#.....#...#
....
#<#####...#.#####
....##........##.#..#
........###..#<....#
#....).# #..##.##.#
#......# #..##....#
#..(...###..#######
#.#...........####
#..$l@.....##....#
.............##....#
...................#
..............#....#
..............#....#
..............#....#
.....#......#.#....#
.....#......#.######
#......#.#


You could see an iguana.

Vanquished Creatures
  Jessica (D:2)
  Robin (D:2)
  An adder (D:2)
  2 gnolls (D:2)
  4 worms (D:2)
  3 dart slugs (D:1)
  4 ball pythons
  4 bats
  6 endoplasms
  4 giant cockroaches
  13 goblins
  7 hobgoblins
  4 kobolds (D:1)
  3 quokkas
  3 frilled lizards (D:1)
  3 rats (D:2)
63 creatures vanquished.

Notes
Turn   | Place    | Note
-------+----------+-------------------------------------------
     0 | D:1      | greasedhog the Gargoyle Transmuter began the quest for the
                  | Orb.
     0 | D:1      | Reached XP level 1. HP: 12/12 MP: 3/3
   252 | D:1      | Reached XP level 2. HP: 16/16 MP: 3/5
   704 | D:1      | Reached XP level 3. HP: 12/20 MP: 4/6
  1000 | D:1      | Learned a level 2 spell: Wereblood
  1600 | D:2      | Reached XP level 4. HP: 25/25 MP: 8/8
  1956 | D:2      | Noticed Robin
  2020 | D:2      | Killed Robin
  2048 | D:2      | Learned a level 3 spell: Spider Form
  2411 | D:2      | Noticed Jessica
  2427 | D:2      | Killed Jessica
  2428 | D:2      | Reached skill level 4 in Unarmed Combat
  2428 | D:2      | Reached XP level 5. HP: 29/29 MP: 6/9
  2594 | D:2      | Slain by an iguana

Illustrated notes

Levels and vault maps discovered:
D:1:      ncdulo_wetmaze, layout_basic, minmay_tetromino_o2
D:2:      kb_forest_paths, layout_basic, shapermc_ecumenical_altar_mp_vishouse,
          uniq_robin, uniq_jessica

Skill      XL: |  1  2  3  4 |
---------------+-------------+-----
Transmutations | 2 |  2.8
Spellcasting   | 3 |  3.0
Unarmed Combat | 4 |  4.1
Fighting       | |  1.7
Dodging        | |  1.5

Action                   |  1- 3 |  4- 6 || total
-------------------------+-------+-------++-------
Melee: Unarmed           |    99 |    83 ||   182
       Kick              |    18 |    13 ||    31
       Punch             |     3 |       ||     3
       Headbutt          |    11 |    14 ||    25
 Cast: Beastly Appendage |    21 |    20 ||    41
       Wereblood         |       |     2 ||     2
  Use: Scroll            |     3 |       ||     3
Armor: Robe              |    37 |     9 ||    46
       Animal skin       |       |     6 ||     6
Dodge: Dodged            |    53 |    34 ||    87

Table legend: (Time is in decaauts)
 A = Elapsed time spent in this place.
 B = Non-inter-level travel time spent in this place.
 C = Inter-level travel time spent in this place.
 D = Time resting spent in this place.
 E = Time spent auto-exploring this place.
 F = Levels seen in this place.
 G = Mean time per level.
                   A        B        C        D        E       F      G
               +--------+--------+--------+--------+--------+-----+--------+
         Total |   2587 |   2535 |     52 |    175 |   1874 |   2 | 1293.5 |
       Dungeon |   2587 |   2535 |     52 |    175 |   1874 |   2 | 1293.5 |
               +--------+--------+--------+--------+--------+-----+--------+

Top non-repeatable levels by time:
     D:1: 1321 daAuts
     D:2: 1265 daAuts
